 Dungeon Crawl Stone Soup version 0.30-a0-777-ga9a30cbeda (webtiles) character file.

Game seed: 9527760093959612547

766 dohliylev the Ruffian (level 7, -4/65 HPs)
             Began as a Troll Warper on Feb 14, 2023.
             Slain by an ogre
             ... wielding a +0 giant club
              (26 damage)
             ... on level 4 of the Dungeon.
             The game lasted 00:07:52 (2707 turns).

dohliylev the Ruffian (Troll Warper)                Turns: 2707, Time: 00:07:53

Health: -4/65      AC:  5    Str: 22    XL:     7   Next: 52%
Magic:  6/9        EV: 11    Int:  9    God:
Gold:   150        SH:  0    Dex: 15    Spells: 8/10 levels left

rFire   . . .      SeeInvis .      - Unarmed
rCold   . . .      Faith    .    (no shield)
rNeg    . . .      Spirit   .    a - +0 robe
rPois   .          Reflect  .    (helmet restricted)
rElec   .          Harm     .    n - +0 cloak
rCorr   .          Rampage  .    (gloves unavailable)
Will    .....                    (boots unavailable)
Stlth   +                        (no amulet)
HPRegen 1.10/turn                d - ring of flight
MPRegen 0.11/turn                v - +6 ring of dexterity

@: on blink cooldown, flying
A: large, unfitting armour, claws 3, regeneration 1, shaggy fur 1, tough skin 1
a: no special abilities


You were on level 4 of the Dungeon.
You visited 1 branch of the dungeon, and saw 4 of its levels.
You also visited: Ossuary.

You collected 150 gold pieces.

Inventory:

Missiles
 c - 7 boomerangs of dispersal
 r - 4 poisoned darts (quivered)
Armour
 a - a +0 robe (worn)
 n - a +0 cloak (worn)
Jewellery
 d - a ring of flight (left claw)
 s - a ring of see invisible
 v - a +6 ring of dexterity (right claw)
Wands
 q - a wand of roots (9)
Scrolls
 b - a scroll of blinking
 g - a scroll of amnesia {unknown}
 h - a scroll of enchant armour {unknown}
 j - a scroll of torment {unknown}
 l - 5 scrolls of identify {unknown}
 p - a scroll of magic mapping {unknown}
 u - a scroll of fear {unknown}
 x - a scroll of fog {unknown}
Potions
 e - 2 potions of mutation {unknown}
 f - 2 potions of attraction {unknown}
 i - 3 potions of heal wounds {unknown}
 k - a potion of brilliance {unknown}
 m - 3 potions of curing {unknown}
 o - 3 potions of haste {unknown}
 t - 2 potions of might {unknown}
 w - 4 potions of degeneration {unknown}
 z - 2 potions of ambrosia {unknown}


   Skills:
 + Level 2.2 Fighting
 + Level 1.3 Throwing
 + Level 3.2 Dodging
 + Level 6.7 Unarmed Combat
 + Level 2.0 Spellcasting
 + Level 2.9 Translocations


You had 8 spell levels left.
You knew the following spells:

 Your Spells              Type           Power      Damage    Failure   Level
a - Blink                 Tloc           12%        N/A       16%         2

Your spell library contained the following spells:

 Spells                   Type           Power      Damage    Failure   Level
 Lesser Beckoning         Tloc           12%        N/A       16%         2
 Teleport Other           Tloc           6%         N/A       30%         3
 Necrotise                Necr           0%         1d4       32%         1
 Vhi's Electric Charge    Tloc/Air       6%         N/A       50%         3
 Vampiric Draining        Necr           0%         2d6       69%         3
 Manifold Assault         Tloc           6%         N/A       69%         4
 Agony                    Necr           0%         N/A       100%        5


Dungeon Overview and Level Annotations

Branches:
Dungeon (4/15)            Ossuary (visited)
 Temple: D:4-7

Altars:
Hepliaklqana

Shops:
D:1 !!(

Annotations:
D:4 Dowan


Innate Abilities, Weirdness & Mutations

You are too large for most types of armour.
You have claws for hands.
Your natural rate of healing is unusually fast.
You are covered in fur. (AC +1)
You have tough skin. (AC +1)


Message History

You scratch Dowan.
Dowan is lightly wounded.
Dowan hits you with a +0 dagger.
You claw Dowan!
Dowan is heavily wounded.
Duvessa looks more healthy.
You closely miss Duvessa. You claw Duvessa!
Duvessa is moderately wounded.
You barely miss Duvessa.
Duvessa is moderately wounded.
Duvessa hits you with a +0 rapier!
You completely miss Duvessa. You claw Duvessa.
Duvessa is heavily wounded.
Duvessa hits you with a +0 rapier.
You claw Duvessa!
Duvessa is severely wounded.
Duvessa hits you with a +0 rapier.
You claw Duvessa!
Duvessa is almost dead.
You closely miss Duvessa.
Duvessa is almost dead.
Duvessa hits you with a +0 rapier!
You barely miss Duvessa.
Duvessa is almost dead.
Duvessa hits you with a +0 rapier!
You scratch Duvessa but do no damage.
Duvessa is almost dead.
Duvessa hits you with a +0 rapier.
Dowan gestures wildly while chanting.
Dowan blinks!
You scratch Duvessa.
You kill Duvessa!
Dowan's eyes darken. "You have made a black mistake."
Dowan seems to find hidden reserves of power!
Your Spellcasting skill increases to level 2!
Casting: Blink (safe; 16% risk of failure)
Confirm with . or Enter, or press ? or * to list all spells.
You blink.
Dowan hits you with a +0 dagger.
The ogre hits you with a +0 giant club!!
You die...

...##########.######.###.# ###
.#.....).................##....
...##########.#.#.†..##.......
#.## #######.=....##.##. #.#
#####........ #.# #+#+#
#......##.###. #.# +...+
#####.<....... #.# #...###
#.##...### ..# +.(O@.#
#.......... ### #'#e#.#
####...###. #####
#§#.####.##...## # #...#
#####'#.........##### #.### #.#
#..########..#... #.#####.#
#...§...e.......# #.......#
##Z########...... #######.# #.#
#.#.e.# #.# #.# .......


You could see an ogre, Dowan (fast) and an elf zombie.

Vanquished Creatures
  Sigmund (D:3)
  Duvessa (D:4)
  3 elf zombies (Ossuary)
  2 centaur zombies (Ossuary)
  2 human zombies (Ossuary)
  Ijyb (D:3)
  Crazy Yiuf (D:2)
  2 mummies (Ossuary)
  2 adder zombies (Ossuary)
  2 worms
  A dart slug (D:1)
  4 orcs (D:3)
  8 ball pythons
  7 endoplasms
  2 giant cockroaches (D:2)
  11 hobgoblins
  3 jackals (D:4)
  A quokka (D:1)
  3 frilled lizards
  8 goblins
  8 hobgoblin zombies (Ossuary)
  A jackal zombie (Ossuary)
  5 kobolds
  12 kobold zombies (Ossuary)
  An orc skeleton (D:4)
  7 orc zombies (Ossuary)
  5 rats
104 creatures vanquished.

Notes
Turn   | Place    | Note
-------+----------+-------------------------------------------
     0 | D:1      | dohliylev the Troll Warper began the quest for the Orb.
     0 | D:1      | Reached XP level 1. HP: 19/19 MP: 1/1
   114 | D:1      | Found Ciyj's Weapon Boutique.
   164 | D:1      | Found Fodugoj's Distillery.
   197 | D:1      | Found Mummej's Distillery.
   214 | D:1      | Reached XP level 2. HP: 27/27 MP: 3/3
   937 | D:2      | Reached XP level 3. HP: 34/35 MP: 4/4
   956 | D:2      | Learned a level 2 spell: Blink
  1122 | D:2      | Found a runed translucent door.
  1123 | D:2      | Noticed Crazy Yiuf
  1129 | D:2      | Killed Crazy Yiuf
  1130 | D:2      | Reached skill level 3 in Unarmed Combat
  1130 | D:2      | Reached XP level 4. HP: 20/42 MP: 5/5
  1353 | D:2      | You are sucked into a shaft and drop 1 floor!
  1354 | D:3      | Noticed Ijyb
  1361 | D:3      | Killed Ijyb
  1675 | D:3      | Noticed Sigmund
  1686 | D:3      | Killed Sigmund
  1687 | D:3      | Reached skill level 1 in Throwing
  1687 | D:3      | Reached skill level 4 in Unarmed Combat
  1687 | D:3      | Reached XP level 5. HP: 49/49 MP: 6/6
  1731 | D:3      | Found a hazy altar of Hepliaklqana.
  1951 | D:3      | Reached XP level 6. HP: 52/57 MP: 7/7
  2240 | D:4      | Noticed Duvessa
  2240 | D:4      | Noticed Dowan
  2280 | D:4      | Found a sand-covered staircase.
  2285 | Ossuary  | Entered an ossuary
  2365 | Ossuary  | Reached skill level 5 in Unarmed Combat
  2621 | Ossuary  | Reached XP level 7. HP: 65/65 MP: 8/8
  2629 | Ossuary  | Reached skill level 6 in Unarmed Combat
  2706 | D:4      | Killed Duvessa
  2707 | D:4      | Slain by an ogre

Illustrated notes

Levels and vault maps discovered:
D:1:      amcnicky_arrival_double_pillar, layout_loops_corners, serial_shops,
          shop, nicolae_shop_advertising_works [nicolae_subvault_shop_adworks],
          nicolae_shop_hallway_plus, minivault_24
D:2:      layout_rooms, nrook_campfire, uniq_crazy_yiuf_cottage
D:3:      layout_loops_ring, nzn_hepliaklqana_mist_gate, uniq_ijyb, uniq_sigmund
D:4:      layout_loops_ring, eat_drink_and_be_merry_uskayaw,
          minmay_temple_entry_crystal_x, nicolae_ossuary_entry_catacombs,
          uniq_duvessa

Skill      XL: |  1  2  3  4  5  6  7 |
---------------+----------------------+-----
Dodging        | 2 3 |  3.2
Unarmed Combat | 3 4 5 6 |  6.7
Fighting       | 2 |  2.2
Throwing       | 1 |  1.3
Spellcasting   | 2 |  2.0
Translocations | |  2.9

Action                     |  1- 3 |  4- 6 |  7- 9 || total
---------------------------+-------+-------+-------++-------
  Melee: Unarmed           |    90 |   166 |    36 ||   292
         Punch             |     2 |     4 |     3 ||     9
  Throw: Dart              |       |    10 |     1 ||    11
   Cast: Blink             |       |     7 |     1 ||     8
   Stab: Sleeping          |       |     1 |       ||     1
 Armour: Robe              |    15 |    60 |     3 ||    78
  Dodge: Dodged            |    35 |    70 |     8 ||   113

Table legend: (Time is in decaauts)
 A = Elapsed time spent in this place.
 B = Non-inter-level travel time spent in this place.
 C = Inter-level travel time spent in this place.
 D = Time resting spent in this place.
 E = Time spent auto-exploring this place.
 F = Levels seen in this place.
 G = Mean time per level.
                   A        B        C        D        E       F      G
               +--------+--------+--------+--------+--------+-----+--------+
         Total |   2684 |   2609 |     75 |    106 |   1564 |   5 |  536.8 |
       Dungeon |   2290 |   2215 |     75 |     11 |   1522 |   4 |  572.5 |
       Ossuary |    393 |    393 |      0 |     95 |     42 |   1 |  393.0 |
               +--------+--------+--------+--------+--------+-----+--------+

Top non-repeatable levels by time:
     D:1: 927 daAuts
     D:3: 695 daAuts
     D:2: 450 daAuts
 Ossuary: 393 daAuts
     D:4: 216 daAuts
